 Dungeon Crawl Stone Soup version 0.31-a0-486-g8d68a81214 (webtiles) character file.

Game seed: 16075840016041278278

84 CraigForest the Shooter (level 4, -1/38 HPs)
             Began as a Minotaur Hunter on Aug 8, 2023.
             Slain by a gnoll
             ... wielding a +0 flail
              (6 damage)
             ... on level 3 of the Dungeon.
             The game lasted 00:05:03 (1190 turns).

CraigForest the Shooter (Minotaur Hunter)           Turns: 1190, Time: 00:05:03

Health: -1/38      AC:  7    Str: 16    XL:     4   Next: 23%
Magic:  3/3        EV: 11    Int:  6    God:
Gold:   89         SH:  0    Dex: 15    Spells: 3/3 levels left

rFire   . . .        a - +0 shortbow
rCold   . . .        (shield currently unavailable)
rNeg    . . .        m - +0 ring mail
rPois   .            (helmet restricted)
rElec   .            l - +1 cloak
rCorr   .            (no gloves)
SInv    .            (no boots)
Will    .....        (no amulet)
Stlth   +            (no ring)
HPRegen 0.26/turn    (no ring)
MPRegen 0.08/turn

%: no passive effects
@: no status effects
A: horns 2, retaliatory headbutt
a: no special abilities


You were on level 3 of the Dungeon.
You visited 1 branch of the dungeon, and saw 3 of its levels.

You collected 89 gold pieces.

Inventory:

Hand Weapons
 a - a +0 shortbow (weapon)
 g - a +0 vampiric spear
Armour
 c - a +0 leather armour
 l - a +1 cloak (worn)
 m - a +0 ring mail (worn)
 q - a +1 robe of willpower
 t - a +0 scale mail
Jewellery
 o - an amulet of faith
Scrolls
 b - a scroll of butterflies
 d - a scroll of teleportation {unknown}
 e - a scroll of enchant armour
 f - 2 scrolls of identify
 h - a scroll of immolation {unknown}
 i - a scroll of summoning {unknown}
 k - a scroll of acquirement {unknown}
 s - a scroll of revelation {unknown}
Potions
 j - 2 potions of curing
 n - a potion of lignification {unknown}
 p - a potion of berserk rage {unknown}
 r - a potion of brilliance {unknown}


   Skills:
 + Level 3.1 Fighting
 + Level 5.8 Ranged Weapons
 + Level 0.9 Armour
 + Level 2.3 Dodging
 + Level 1.0 Stealth


You had 3 spell levels left.
You didn't know any spells.
Your spell library contained the following spells:

 Spells                   Type           Power      Damage    Failure   Level
 Blink                    Tloc           0%         N/A       82%         2
 Cigotuvi's Dreadful Rot  Necr/Pois/Air  0%         N/A       82%         2
 Ignite Poison            Fire/Tmut/Pois 0%         N/A       96%         3
 Manifold Assault         Tloc           0%         N/A       100%        4
 Freezing Cloud           Conj/Ice/Air   0%         6-21      100%        5


Dungeon Overview and Level Annotations

Branches:
Dungeon (3/15)

Altars:
Sif Muna

Shops:
D:1 *


Innate Abilities, Weirdness & Mutations

You have a pair of horns on your head.
You reflexively headbutt those who attack you in melee.


Message History

You are too injured to fight recklessly!
You are too injured to fight recklessly!
You are too injured to fight recklessly!
You are too injured to fight recklessly!
You are too injured to fight recklessly!
You are too injured to fight recklessly!
You are too injured to fight recklessly!
You are too injured to fight recklessly!
You are too injured to fight recklessly!
You are too injured to fight recklessly!
You are too injured to fight recklessly!
Unknown command.
You shoot an arrow.
The arrow hits the ball python but does no damage.
The ball python is severely wounded.
The gnoll hits you with a +0 flail.
* * * LOW HITPOINT WARNING * * *
The ball python bites you.
* * * LOW HITPOINT WARNING * * *
The ball python constricts you.
* * * LOW HITPOINT WARNING * * *
You shoot an arrow. The arrow hits the ball python!
You kill the ball python!
The gnoll hits you but does no damage.
You shoot an arrow. The arrow hits the gnoll.
The gnoll is heavily wounded.
The gnoll misses you. The gnoll hits you but does no damage.
You shoot an arrow. The arrow barely misses the gnoll.
The gnoll barely misses you.
You shoot an arrow. The arrow hits the gnoll.
The gnoll is almost dead.
The gnoll hits you but does no damage.
You shoot an arrow. The arrow hits the gnoll.
The gnoll is almost dead.
The gnoll barely misses you.
You shoot an arrow. The arrow barely misses the gnoll.
The gnoll closely misses you.
You shoot an arrow. The arrow closely misses the gnoll.
The gnoll hits you with a +0 flail.
You die...

##..#####
#.>....#
#############.#
..........##.#
#........†).#
###........####
#..........##
..#.........#
.......@....#
..#.#'g#.#..#
#..#....#
######..# +..#
+..# #..# ..#


You could see a gnoll.

Vanquished Creatures
  Terence (D:3)
  An adder (D:2)
  A shadow imp (D:3)
  A worm (D:2)
  2 dart slugs (D:2)
  4 ball pythons
  An endoplasm (D:1)
  A giant cockroach (D:1)
  5 hobgoblins
  2 jackals (D:1)
  2 quokkas (D:2)
  2 bats
  A frilled lizard (D:2)
  3 goblins
  3 kobolds
  4 rats
34 creatures vanquished.

Notes
Turn   | Place    | Note
-------+----------+-------------------------------------------
     0 | D:1      | CraigForest the Minotaur Hunter began the quest for the
                  | Orb.
     0 | D:1      | Reached XP level 1. HP: 18/18 MP: 0/0
   132 | D:1      | Found Iboeb's General Store.
   183 | D:1      | Reached skill level 1 in Stealth
   188 | D:1      | Reached XP level 2. HP: 25/25 MP: 1/1
   483 | D:2      | Reached skill level 5 in Ranged Weapons
   558 | D:2      | Reached XP level 3. HP: 25/30 MP: 2/2
   721 | D:2      | Found a shimmering blue altar of Sif Muna.
  1117 | D:3      | Noticed Terence
  1130 | D:3      | Killed Terence
  1131 | D:3      | Reached XP level 4. HP: 27/38 MP: 3/3
  1190 | D:3      | Slain by a gnoll

Illustrated notes

Levels and vault maps discovered:
D:1:      spicycebolla_arrival_ecumenical, layout_basic, serial_shops,
          nicolae_square_shop
D:2:      layout_rooms, basic_altar
D:3:      minmay_bubble_buster, layout_basic, grunt_gozag_statues,
          minmay_mini_jars, uniq_terence, uniq_jessica, uniq_crazy_yiuf_cottage

Skill      XL: |  1  2  3 |
---------------+----------+-----
Stealth        | 1 |  1.0
Ranged Weapons | 5 |  5.8
Fighting       | 3 |  3.1
Armour         | |  0.9
Dodging        | |  2.3

Action                     |  1- 3 |  4- 6 || total
---------------------------+-------+-------++-------
   Fire: Shortbow          |   114 |    11 ||   125
    Use: Scroll            |     2 |       ||     2
 Armour: Leather armour    |     4 |       ||     4
         Ring mail         |     7 |     3 ||    10
  Dodge: Dodged            |    28 |     7 ||    35

Table legend: (Time is in decaauts)
 A = Elapsed time spent in this place.
 B = Non-inter-level travel time spent in this place.
 C = Inter-level travel time spent in this place.
 D = Time resting spent in this place.
 E = Time spent auto-exploring this place.
 F = Levels seen in this place.
 G = Mean time per level.
                   A        B        C        D        E       F      G
               +--------+--------+--------+--------+--------+-----+--------+
         Total |   1217 |   1187 |     30 |      0 |    901 |   3 |  405.7 |
       Dungeon |   1217 |   1187 |     30 |      0 |    901 |   3 |  405.7 |
               +--------+--------+--------+--------+--------+-----+--------+

Top non-repeatable levels by time:
     D:2: 546 daAuts
     D:1: 466 daAuts
     D:3: 204 daAuts
